General information
- name: BNet
- type: Ladder team game (AT/RT)
- host: Battle.net
- saver: WhoDatDere
map: GolemsInTheMist
- players: 8
- length: 04:04
- speed: Fast
- version: 1.27 W3XP
- replay type: Public
» download(21 KB)
Players
team 1 (loser)
I_LIKEtoPOOP (
green | 33 APM | 127 actions | 03:51)
1 Blademaster
1 Wind Walk
» actions
| Assign group hotkey | 3 | |
| Basic commands | 3 | |
| Build / train | 15 | |
| Enter build submenu | 6 | |
| Enter hero's abilities submenu | 1 | |
| Remove unit from queue | 1 | |
| Right click | 52 | |
| Select / deselect | 35 | |
| Select group hotkey | 5 | |
| Use ability | 6 | |
127 total
» units
» upgrades
» buildings
| Barracks | 1 | |
| Altar of Storms | 1 | |
| Orc Burrow | 3 | |
| Voodoo Lounge | 1 | |
6 total
» build order
00:16 Barracks
00:21 Altar of Storms
00:25 Orc Burrow
01:43 Orc Burrow
02:00 Voodoo Lounge
03:42 Orc Burrow
» items
| Healing Salve | 1 | |
| Lesser Clarity Potion | 1 | |
2 total

»
LetsHaveFun (
teal | 59 APM | 216 actions | 03:40)
1 Keeper of the Grove
1 Force of Nature
» actions
| Assign group hotkey | 8 | |
| Basic commands | 8 | |
| Build / train | 16 | |
| Enter build submenu | 8 | |
| Enter hero's abilities submenu | 1 | |
| Remove unit from queue | 3 | |
| Right click | 60 | |
| Select / deselect | 53 | |
| Select group hotkey | 48 | |
| Use ability | 11 | |
216 total
» units
» buildings
| Altar of Elders | 1 | |
| Moon Well | 3 | |
| Ancient of War | 2 | |
| Ancient of Wonders | 1 | |
7 total
» build order
00:10 Altar of Elders
00:20 Moon Well
00:35 Ancient of War
01:37 Moon Well
02:07 Ancient of War
02:20 Ancient of Wonders
03:02 Moon Well
WhoDatDere (
red | 3 APM | 12 actions | 04:04)
» actions
| Right click | 6 | |
| Select / deselect | 6 | |
12 total
team 2 (winner)

»
powpowpewpew (
blue | 42 APM | 173 actions | 04:04)
1 Priestess of the Moon
1 Trueshot Aura
» actions
| Assign group hotkey | 12 | |
| Build / train | 15 | |
| Enter build submenu | 7 | |
| Enter hero's abilities submenu | 1 | |
| Right click | 70 | |
| Select / deselect | 45 | |
| Select group hotkey | 16 | |
| Use ability | 7 | |
173 total
» units
» buildings
| Altar of Elders | 1 | |
| Moon Well | 3 | |
| Hunter's Hall | 1 | |
| Ancient of War | 2 | |
| Tree of Ages | 1 | |
8 total
» build order
00:07 Altar of Elders
00:08 Moon Well
01:28 Hunter's Hall
01:47 Ancient of War
01:55 Ancient of War
02:02 Moon Well
03:00 Tree of Ages
03:32 Moon Well

»
Ryan- (
pink | 45 APM | 185 actions | 04:04)
1 Keeper of the Grove
1 Entangling Roots
» actions
| Assign group hotkey | 6 | |
| Build / train | 15 | |
| Enter build submenu | 7 | |
| Enter hero's abilities submenu | 1 | |
| Right click | 96 | |
| Select / deselect | 41 | |
| Select group hotkey | 5 | |
| Use ability | 14 | |
185 total
» units
» buildings
| Altar of Elders | 1 | |
| Moon Well | 3 | |
| Hunter's Hall | 1 | |
| Ancient of War | 2 | |
7 total
» build order
00:16 Altar of Elders
00:25 Moon Well
02:06 Hunter's Hall
02:12 Ancient of War
02:37 Ancient of War
02:48 Moon Well
02:52 Moon Well
diarrhea (
orange | 32 APM | 131 actions | 04:04)
» actions
| Assign group hotkey | 4 | |
| Build / train | 9 | |
| ESC pressed | 1 | |
| Enter build submenu | 8 | |
| Right click | 35 | |
| Select / deselect | 23 | |
| Select group hotkey | 44 | |
| Use ability | 7 | |
131 total
» units
| Acolyte | 2 | |
| Ghoul | 3 | |
| Crypt Fiend | 3 | |
8 total
» buildings
| Crypt | 1 | |
| Graveyard | 1 | |
| Ziggurat | 2 | |
| Altar of Darkness | 1 | |
| Tomb of Relics | 1 | |
6 total
» build order
01:00 Crypt
01:16 Graveyard
01:42 Ziggurat
02:07 Altar of Darkness
02:39 Ziggurat
03:13 Tomb of Relics

»
yo-gotti (
purple | 28 APM | 115 actions | 04:04)
1 Keeper of the Grove
1 Force of Nature
» actions
| Build / train | 20 | |
| Enter build submenu | 8 | |
| Enter hero's abilities submenu | 1 | |
| Right click | 32 | |
| Select / deselect | 43 | |
| Use ability | 11 | |
115 total
» units
» buildings
| Hunter's Hall | 1 | |
| Altar of Elders | 1 | |
| Moon Well | 3 | |
| Ancient of War | 2 | |
| Ancient Protector | 1 | |
8 total
» build order
01:33 Hunter's Hall
01:35 Altar of Elders
01:38 Moon Well
01:48 Ancient of War
02:06 Moon Well
02:54 Ancient of War
03:04 Moon Well
03:41 Ancient Protector
Chat log
(00:05 / Allies) I_LIKEtoPOOP: why
(00:21 / Allies) LetsHaveFun: rush
(00:28 / Allies) I_LIKEtoPOOP: word!
(00:31 / Allies) I_LIKEtoPOOP: wtf
(00:32 / Allies) LetsHaveFun: hes level 12 tgho yellos is
(00:42 / Allies) LetsHaveFun: rapemaster
(00:46 / All) Ryan-: lol
(00:49 / All) powpowpewpew: loll
(00:53 / Allies) LetsHaveFun: pp
(00:54 / All) yo-gotti: NAH
(00:57 / All) Ryan-: gotta get that quickie in
(01:10 / Allies) I_LIKEtoPOOP: WOW
(01:14 / All) I_LIKEtoPOOP: sigh
(01:23 / Allies) I_LIKEtoPOOP: red
(01:24 / All) yo-gotti: why u guys pausing
(01:26 / All) yo-gotti: do u need it?
(01:32 / Allies) LetsHaveFun: cause we have 2 afks@
(01:48 / Allies) LetsHaveFun: hi red
(01:48 / All) powpowpewpew: keep it paused
(01:49 / All) I_LIKEtoPOOP: reds just a faggot
(01:53 / All) powpowpewpew: until they nee dit
(02:07 / Allies) I_LIKEtoPOOP: wow
(03:21 / All) powpowpewpew: i thought red was here
(03:22 / All) yo-gotti: lol red
(03:24 / All) yo-gotti: yeah he is
(03:26 / All) yo-gotti: hes troling
(03:28 / All) I_LIKEtoPOOP: he is a faggot
(03:34 / All) LetsHaveFun: we have 2 afks
(03:35 / All) powpowpewpew: sorry dude :(
(03:37 / All) LetsHaveFun: gg
(03:42 / All) diarrhea: thats a bum
(03:43 / All) yo-gotti: GG
(03:45 / All) yo-gotti: damn
(03:45 / All) yo-gotti: irony
(03:57 / All) yo-gotti: GG
(03:59 / All) yo-gotti: gl next agme
(04:00 / All) WhoDatDere: gg I had noob allies
(04:03 / All) Ryan-: gg